 Dungeon Crawl Stone Soup version 0.22-a0-825-ga28c36f (webtiles) character file.

2247 sking99 the Grappler (level 9, -5/83 HPs)
             Began as a Troll Monk on July 24, 2018.
             Was a Priest of Zin.
             Slain by a hornet zombie (7 damage)
             ... on level 7 of the Dungeon.
             The game lasted 00:12:56 (4904 turns).

sking99 the Grappler (Troll Monk)                   Turns: 4904, Time: 00:12:57

Health: -5/83      AC:  6    Str: 22    XL:     9   Next: 15%
Magic:  8/10       EV:  9    Int: 10    God:    Zin [***...]
Gold:   180        SH:  9    Dex: 13    Spells: 8/8 levels left

rFire    . . .     SeeInvis +     - Unarmed
rCold    + . .     Gourm    +   o - +0 shield
rNeg     . . .     Faith    .   a - +1 robe
rPois    ∞         Spirit   .   (helmet restricted)
rElec    .         Reflect  .   (no cloak)
rCorr    .         Harm     .   (gloves unavailable)
MR       .....                  (boots unavailable)
Stlth    ++........             (no amulet)
HPRegen  0.63/turn              h - ring of see invisible
MPRegen  0.12/turn              r - ring of protection from cold

@: vitalised
A: large, unfitting armour, claws 3, fast metabolism 3, gourmand, regeneration
1, shaggy fur 1, tough skin 2
a: Recite, Vitalisation, Imprison, Donate Gold, Renounce Religion


You were on level 7 of the Dungeon.
You worshipped Zin.
Zin was most pleased with you.
You were completely stuffed.

You visited 2 branches of the dungeon, and saw 8 of its levels.
You also visited: Ossuary.

You collected 329 gold pieces.
You spent 130 gold pieces at shops.
You donated 19 gold pieces to Zin.

Inventory:

Armour
 a - a +1 robe (worn)
 o - a +0 shield (worn)
 s - a +0 large shield
Jewellery
 h - a ring of see invisible (left claw)
 r - a ring of protection from cold (right claw)
 t - an uncursed ring of fire
 B - an uncursed amulet of the acrobat {unknown}
 C - an uncursed amulet of guardian spirit {unknown}
Wands
 n - a wand of polymorph (7)
 w - a wand of iceblast (10)
Scrolls
 c - a scroll of magic mapping
 d - 2 scrolls of teleportation
 e - 4 scrolls of enchant weapon
 f - 2 scrolls of remove curse
 i - 4 scrolls of enchant armour
 x - a scroll of random uselessness {unknown}
 y - 5 scrolls of identify
 z - a scroll of fear {unknown}
 D - 2 scrolls of torment {unknown}
Potions
 g - 2 potions of cancellation
 j - 3 potions of lignification
 k - a potion of brilliance
 l - a potion of heal wounds
 m - 6 potions of curing
 p - 4 potions of flight
 q - 3 potions of degeneration
 u - a potion of agility
 v - a potion of mutation
 A - 2 potions of haste
Comestibles
 b - 15 rations
 E - a chunk of flesh


   Skills:
 - Level 3.2 Fighting
 - Level 2.4 Dodging
 - Level 1.0 Stealth
 + Level 4.9 Shields
 * Level 9.9 Unarmed Combat
 + Level 3.1 Invocations


You had 8 spell levels left.
You didn't know any spells.
Your spell library contained the following spells:

 Spells                   Type           Power        Failure   Level  Hunger
 Confuse                  Hex            #.......     95%         3    ####...
 Confusing Touch          Hex            #.....       65%         1    ##.....
 Metabolic Englaciation   Hex/Ice        #.........   100%        5    ######.
 Petrify                  Tmut/Erth      #.......     100%        4    #####..
 Gell's Gravitas          Tloc           #.........   95%         3    ####...
 Yara's Violent Unravell  Hex/Tmut       #.........   100%        5    ######.


Dungeon Overview and Level Annotations

Branches:
Dungeon (7/15)             Temple (1/1) D:6

Altars:
Ashenzari
Cheibriados
Fedhas
Gozag
Hepliaklqana
Kikubaaqudgha
Makhleb
Nemelex Xobeh
Okawaru
Qazlal
Ru
Sif Muna
Trog
Uskayaw
Vehumet
Wu Jian
Xom
Yredelemnul
Zin
The Shining One

Shops:
D:4 *?=*   D:6 !


Innate Abilities, Weirdness & Mutations

You are too large for most types of armour.
You have claws for hands.
Your metabolism is lightning-fast.
You like to eat raw meat.
Your natural rate of healing is unusually fast.
You are covered in fur. (AC +1)
You have very tough skin. (AC +2)


Message History

The hornet zombie is moderately damaged.
The orc wizard points at you and mumbles some strange words.
The magic dart hits you!
* * * LOW HITPOINT WARNING * * *
The hornet zombie closely misses you.
You scratch the hornet zombie.
The hornet zombie is moderately damaged.
You block the hornet zombie's attack.
The orc wizard hits you but does no damage.
You barely miss the hornet zombie.
The hornet zombie is moderately damaged.
The hornet zombie barely misses you.
The orc wizard hits you but does no damage.
The hornet zombie hits you!
* * * LOW HITPOINT WARNING * * *
Zin grants you divine stamina. The orc wizard closely misses you.
The hornet zombie hits you!
* * * LOW HITPOINT WARNING * * *
The hornet zombie hits you!
You die...

#...#....#
###.#.#### # #.#
##+#.# #....# #....#
#....# #..Z.#
####@#.# #..o.#.#
#######......# #
#......[...###
...#.......÷..####
...................
...#.......#.......
.......[............
#...#...#.).........


You could see an orc wizard (blind) and a hornet zombie.

Vanquished Creatures
  A hippogriff (D:7)
  Sigmund (D:5)
  3 phantoms
  2 ogres
  2 centaurs
  2 bullfrogs
  A gnoll sergeant (D:7)
  A water moccasin zombie (Ossuary)
  3 scorpions
  A wyvern skeleton (D:6)
  A wight (D:7)
  A crimson imp (D:7)
  A centaur zombie (D:5)
  4 orc wizards
  2 hounds
  A bullfrog skeleton (D:4)
  3 orc priests (D:7)
  Jessica (D:2)
  2 iguanas
  A worker ant (D:7)
  2 big kobold zombies (Ossuary)
  A hound zombie (D:7)
  3 mummies
  7 gnolls
  6 adders
  6 adder zombies (Ossuary)
  An adder skeleton (D:6)
  2 worms (D:2)
  2 dart slugs
  3 leopard geckos
  17 orcs
  4 giant cockroaches
  3 gnoll zombies (Ossuary)
  7 goblins
  4 hobgoblins
  13 jackals
  9 kobolds
  3 quokkas
  A ball python (D:5)
  6 bats
  7 frilled lizards
  2 hobgoblin zombies (Ossuary)
  8 kobold zombies (Ossuary)
  A leopard gecko skeleton (D:4)
  6 orc zombies (Ossuary)
  4 rats
162 creatures vanquished.

Notes
Turn   | Place    | Note
-------+----------+-------------------------------------------
     0 | D:1      | sking99 the Troll Monk began the quest for the Orb.
     0 | D:1      | Reached XP level 1. HP: 22/22 MP: 0/0
   173 | D:1      | Reached XP level 2. HP: 29/29 MP: 1/1
   864 | D:2      | Reached XP level 3. HP: 36/36 MP: 2/2
   919 | D:2      | Reached skill level 4 in Unarmed Combat
  1085 | D:2      | Noticed Jessica
  1087 | D:2      | Killed Jessica
  1087 | D:2      | Reached XP level 4. HP: 45/45 MP: 3/3
  1888 | D:4      | Found Huqixor's Jewellery Shoppe.
  1893 | D:4      | Found Agoronia's General Store.
  1937 | D:4      | Reached skill level 5 in Unarmed Combat
  1937 | D:4      | Reached XP level 5. HP: 51/53 MP: 4/4
  1981 | D:4      | Found Varam's Magic Scroll Emporium.
  2030 | D:4      | Reached skill level 1 in Shields
  2049 | D:4      | Noticed a phantom
  2112 | D:3      | Killed a phantom
  2112 | D:3      | Reached XP level 6. HP: 36/61 MP: 5/5
  2163 | D:4      | Found a deep blue altar of Sif Muna.
  2337 | D:4      | Reached skill level 6 in Unarmed Combat
  2384 | D:4      | Found Pophof's General Store.
  2561 | D:5      | Entered Level 5 of the Dungeon
  2758 | D:5      | Found a sand-covered staircase.
  2793 | Ossuary  | Entered an ossuary
  2870 | Ossuary  | Reached XP level 7. HP: 64/67 MP: 6/6
  2917 | Ossuary  | Reached skill level 7 in Unarmed Combat
  3111 | D:5      | Found a stormy altar of Qazlal.
  3184 | D:5      | Found a sparkling altar of Nemelex Xobeh.
  3264 | D:5      | Noticed Sigmund
  3273 | D:5      | Killed Sigmund
  3549 | D:6      | Found Gasuaral's Distillery.
  3560 | D:6      | Bought a potion of haste for 130 gold pieces
  3641 | D:6      | Reached skill level 8 in Unarmed Combat
  3713 | D:6      | Found a shattered altar of Ashenzari.
  3756 | D:6      | Found a staircase to the Ecumenical Temple.
  3812 | D:6      | Reached XP level 8. HP: 34/75 MP: 7/7
  3839 | Temple   | Entered the Ecumenical Temple
  3964 | Temple   | Became a worshipper of Zin the Law-Giver
  3964 | Temple   | Reached * piety under Zin
  3964 | Temple   | Reached ** piety under Zin
  4232 | D:6      | Reached skill level 1 in Invocations
  4423 | D:6      | Reached *** piety under Zin
  4509 | D:7      | Noticed a hippogriff
  4510 | D:7      | Reached skill level 9 in Unarmed Combat
  4517 | D:7      | Killed a hippogriff
  4760 | D:7      | Reached XP level 9. HP: 66/83 MP: 10/10
  4903 | D:7      | HP: 1/83 [hornet zombie (8)]
  4904 | D:7      | Slain by a hornet zombie

Vault maps used:
D:1:      minmay_arrival_semitransparent
D:2:      minmay_tetromino_s2, uniq_jessica
D:3:      first_ration
D:4:      lemuel_round_altar, serial_shops, nicolae_shop_crystal, shop,
          nicolae_shop_stone, nicolae_shop_stone
D:5:      minitemple, gup_ossuary_entry_pyramid, uniq_sigmund
D:6:      marbit_many_paths, minmay_temple_entry_enclosed_plants, serial_shops,
          shop
D:7:      cheibrodos_fzero, elyvilon_altar_4, nicolae_overflow_hidden_temple,
          basic_altar, serial_park_tiny_pond
Temple:   compressed_dpeg_circular_temple
Ossuary:  ossuary_tomb_2

Skill      XL: |  1  2  3  4  5  6  7  8  9 |
---------------+----------------------------+-----
Unarmed Combat | 4 5 6 8 9 |  9.9
Fighting       | 3 |  3.2
Shields        | 1 2 3 4 |  4.9
Invocations    | 2 3 |  3.1
Dodging        | |  2.4
Stealth        | |  1.0

Action                   |  1- 3 |  4- 6 |  7- 9 || total
-------------------------+-------+-------+-------++-------
Melee: Unarmed           |    78 |   200 |   245 ||   523
       Punch             |       |     1 |       ||     1
Invok: Recite            |       |       |     6 ||     6
       Vitalisation      |       |       |     1 ||     1
  Use: Scroll            |       |    12 |     5 ||    17
       Potion            |       |       |     2 ||     2
 Stab: Sleeping          |       |     2 |       ||     2
       Confused          |       |       |     1 ||     1
  Eat: Chunk             |    15 |    14 |    22 ||    51
Armor: Robe              |    32 |    51 |    42 ||   125
Dodge: Dodged            |    35 |    49 |    61 ||   145
Block: Shield            |       |    62 |    90 ||   152

Table legend:
 A = Spawn XP
 B = Non-spawn XP
 C = Spawn XP percentage of total XP
 D = Spawn monster count
 E = Non-spawn monster count
 F = Spawn count percentage of total count
 G = Total turns spent on level
                    A         B        C        D         E        F      G
               +---------+---------+-------+---------+---------+-------+---------
         Total |       0 |    3211 |   0.0 |       0 |     162 |   0.0 |  4904
               +---------+---------+-------+---------+---------+-------+---------
           D:1 |       0 |      31 |   0.0 |       0 |      15 |   0.0 |   738
           D:2 |       0 |      99 |   0.0 |       0 |      21 |   0.0 |   637
           D:3 |       0 |     183 |   0.0 |       0 |      18 |   0.0 |   542
           D:4 |       0 |     290 |   0.0 |       0 |      19 |   0.0 |   644
           D:5 |       0 |     413 |   0.0 |       0 |      11 |   0.0 |   773
           D:6 |       0 |     560 |   0.0 |       0 |      15 |   0.0 |   801
           D:7 |       0 |    1410 |   0.0 |       0 |      33 |   0.0 |   392
       Ossuary |       0 |     225 |   0.0 |       0 |      30 |   0.0 |   215
               +---------+---------+-------+---------+---------+-------+---------
